 Dungeon Crawl Stone Soup version 0.31-a0-1540-g5a0b83f448 (webtiles) character file.

Game seed: 8552428318698082448

32 Persephone the Trooper (level 3, -1/20 HPs)
             Began as a Vine Stalker Fighter on Jan 1, 2024.
             Killed from afar by Robin (6 damage)
             ... with a puff of flame
             ... on level 2 of the Dungeon.
             The game lasted 00:01:12 (947 turns).

Persephone the Trooper (Vine Stalker Fighter)        Turns: 947, Time: 00:01:13

Health: -1/20      AC:  6    Str: 20    XL:     3   Next: 25%
Magic:  0/4        EV:  9    Int:  8    God:
Gold:   45         SH:  0    Dex: 13    Spells: 2/2 levels left

rFire   . .          .
                       - Unarmed
rCold   . . .        (no shield)
rNeg    . . .        a - +0 scale mail
rPois   .            (no helmet)
rElec   .            (no cloak)
rCorr   .            (no gloves)
SInv    .            (no boots)
Will    .....        (no amulet) Stlth
                     (no ring)
HPRegen 1.03/turn    (no ring)
MPRegen 0.09/turn

%: guardian spirit
@: mighty
A: fangs 2, regeneration 1, magic shield, antimagic bite, no potion heal 2
a: no special abilities


You were on level 2 of the Dungeon.
You visited 1 branch of the dungeon, and saw 2 of its levels.

You collected 45 gold pieces.

Inventory:

Armour
 a - a +0 scale mail (worn)
 b - a +0 buckler
Scrolls
 d - a scroll of immolation {unknown}
 g - a scroll of fear {unknown}
 h - a scroll of torment {unknown}
 i - a scroll of enchant weapon {unknown}
Potions
 c - a potion of might
 e - a potion of berserk rage {unknown}
 f - a potion of mutation {unknown}


   Skills:
 + Level 3.0 Fighting
 + Level 2.7 Armour
 - Level 2.8 Shields
 * Level 2.8 Unarmed Combat


You had 2 spell levels left.
You didn't know any spells.
Your spell library was empty.

Dungeon Overview and Level Annotations

Branches:
Dungeon (2/15)

Altars:

Annotations:
D:2 Robin


Innate Abilities, Weirdness & Mutations

You have extremely sharp teeth.
Your natural rate of healing is unusually fast.
When hurt, damage is shared between your health and your magic reserves.
Your bite disrupts and absorbs the magic of your enemies.
Potions cannot restore your health.


Message History

You kill the goblin!
Your Fighting skill increases to level 3!
You hit the goblin but do no damage. The goblin closely misses you.
Robin throws the goblin at you! The goblin barely misses you.
You barely miss the goblin. Your punch misses the goblin.
Your bite misses the goblin. The goblin hits you with a +0 club.
The goblin barely misses you. The goblin closely misses you.
The goblin attacks as it pursues you! The goblin hits you but does no damage.
The goblin attacks as it pursues you! The goblin hits you with a +0 club.
You hit the goblin. You bite the goblin.
You kill the goblin!
The goblin barely misses you. The goblin hits you with a +0 dagger.
The goblin hits you but does no damage. The goblin attacks as it pursues you!
The goblin hits you but does no damage.
Robin says, "Kneel, worm!"
The goblin barely misses you.
You see here a +0 club.
The goblin no longer looks unusually strong. x2
Robin roars a battlecry!
The goblins go into a battle-frenzy!
The goblin attacks as it pursues you! The goblin hits you but does no damage.
You barely miss the goblin. You bite the goblin. You drain its power.
You feel invigorated.
The goblin is severely wounded.
You closely miss the goblin. You bite the goblin. You drain its power.
The goblin is moderately wounded.
The goblin hits you with a +0 dagger. The goblin hits you with a +0 club.
You hit the goblin.
You kill the goblin!
The goblin barely misses you.
Robin zaps a wand.
The puff of flame hits you!
* * * LOW HITPOINT WARNING * * *
The goblin no longer looks unusually strong.
The goblin hits you but does no damage. Robin throws the goblin at you!
You see here a +0 club.
You feel very mighty all of a sudden.
The goblin hits you but does no damage. x2; Robin zaps a wand.
The puff of flame hits you!
You die...
Robin lets out a smug laugh.

#.......##.....##.##
###...#####.##......
#####...### #.#####.##
#.........# #.......##
#.#.......############
#.#.##.##.##.......# #
#.#.##.##.##.......###
#.#.#gg##.##..........
#.#.#@###.##........##
#.#.#g###<##........##
#.#.................##
#...).)...##......[.##
#####)#.####.##.###.##
#.#.# ......# #.).
#.#.##.#.#... ####
#.#......>###. #
#.####.#.# #. #


You could see Robin and 2 goblins.

Vanquished Creatures
  A dart slug (D:1)
  A ribbon worm (D:2)
  3 bats (D:1)
  2 endoplasms (D:1)
  A giant cockroach (D:1)
  10 goblins
  A hobgoblin (D:1)
  A ball python (D:1)
  A kobold (D:1)
  4 rats (D:1)
25 creatures vanquished.

Notes
Turn   | Place    | Note
-------+----------+-------------------------------------------
     0 | D:1      | Persephone the Vine Stalker Fighter began the quest for the
                  | Orb.
     0 | D:1      | Reached XP level 1. HP: 11/11 MP: 2/2
   136 | D:1      | Reached XP level 2. HP: 14/16 MP: 3/3
   873 | D:2      | Reached XP level 3. HP: 15/19 MP: 1/4
   929 | D:2      | Noticed Robin
   936 | D:2      | Reached skill level 3 in Fighting
   947 | D:2      | Killed from afar by Robin

Illustrated notes

Levels and vault maps discovered:
D:1:      dpeg_arrival_subterranean_lakeside_camping, layout_basic
D:2:      cheibrodos_old_hovel, layout_loops_cross, serial_shops,
          nicolae_shop_back_alley_shop, minmay_pentomino_x2, uniq_jessica,
          uniq_robin

Skill      XL: |  1  2  3 |
---------------+----------+-----
Fighting       | 3 |  3.0
Armour         | |  2.7
Shields        | |  2.8
Unarmed Combat | |  2.8

Action                     || total
---------------------------++-------
  Melee: Unarmed           ||    67
         Bite              ||    27
         Punch             ||     1
    Use: Potion            ||     1
 Armour: Scale mail        ||    62
  Dodge: Dodged            ||    32
  Block: Buckler           ||     5

Table legend: (Time is in decaauts)
 A = Elapsed time spent in this place.
 B = Non-inter-level travel time spent in this place.
 C = Inter-level travel time spent in this place.
 D = Time resting spent in this place.
 E = Time spent auto-exploring this place.
 F = Levels seen in this place.
 G = Mean time per level.
                   A        B        C        D        E       F      G
               +--------+--------+--------+--------+--------+-----+--------+
         Total |    946 |    926 |     20 |      0 |    770 |   2 |  473.0 |
       Dungeon |    946 |    926 |     20 |      0 |    770 |   2 |  473.0 |
               +--------+--------+--------+--------+--------+-----+--------+

Top non-repeatable levels by time:
     D:1: 794 daAuts
     D:2: 151 daAuts
